Map: 死亡光环-天梯版

Players

iGXY (XY) - Winner!

  • Race: Terran Terran

Cyan

  • Race: Protoss Protoss
  • League: Master

Event: DreamHack SC2 Masters 2020 Winter

VOD

Have the link to the VOD?

Description

Time

  • Played on: Nov. 1, 2020, 7:18 a.m.
  • Length: 11:21

All games in this series

Show
View Real Time Build Order
Export as new Build Order

iGXY Terran - Winner!

Build Orders: Cyclone Opening 

Get SALT Encoding   

  12  0:00  SCV  
  13  0:12  SCV  
  14  0:16  Supply Depot  
  14  0:24  SCV  
  14  0:27  Refinery  
  15  0:38  SCV  
  16  0:44  Barracks  
  16  0:50  SCV  
  17  1:02  SCV  
  18  1:13  Engineering Bay  
  18  1:14  SCV  
  19  1:31  Marine, Orbital Command  
  20  1:42  Factory  
  20  1:49  Supply Depot  
  20  1:50  Barracks Reactor  
  20  1:58  SCV  
  21  2:10  SCV  
  21  2:13  Bunker  
  22  2:17  Supply Depot  
  22  2:22  SCV  
  23  2:25  Marine, Factory Tech Lab  
  23  2:26  Marine  
  25  2:34  SCV  
  26  2:43  Marine  
  28  2:47  Cyclone  
  30  3:00  Command Center  
  30  3:02  SCV  
  31  3:09  Marine x2  
  32  3:14  SCV  
  33  3:25  Siege Tank  
  33  3:26  SCV  
  37  3:36  Barracks  
  37  3:38  SCV  
  37  3:40  Barracks  
  38  3:43  Supply Depot  
  38  3:47  Refinery  
  38  3:50  SCV  
  39  4:05  SCV  
  39  4:09  Marine x2  
  42  4:13  Factory Tech Lab  
  43  4:17  SCV  
  43  4:27  Marine x2, Orbital Command  
  43  4:28  Barracks Tech Lab  
  45  4:32  Widow Mine, Engineering Bay  
  45  4:36  Stimpack  
  47  4:42  SCV  
  48  4:48  Marine  
  48  4:49  Marine  
  48  4:52  Marine, Orbital Command  
  51  5:02  Starport  
  51  5:03  SCV  
  51  5:04  Factory Reactor  
  52  5:07  Terran Infantry Weapons Level 1  
  52  5:15  SCV  
  52  5:19  Missile Turret, SCV  
  52  5:21  Missile Turret  
  54  5:24  Marine x2  
  54  5:27  SCV  
  57  5:32  Combat Shield  
  57  5:33  SCV  
  58  5:35  Refinery  
  58  5:36  Refinery  
  58  5:38  Supply Depot  
  58  5:40  SCV  
  59  5:44  Marine x2  
  59  5:45  SCV  
  59  5:47  Supply Depot  
  62  5:55  Supply Depot  
  62  6:00  SCV x2, Siege Tank, Marine x2  
  62  6:01  Supply Depot  
  69  6:08  Marine  
  69  6:09  Marine  
  69  6:10  Supply Depot  
  71  6:12  SCV x2  
  71  6:18  Medivac x2  
  77  6:21  Supply Depot  
  77  6:24  SCV x2  
  81  6:33  Marauder x2, Marine  
  81  6:34  Marine  
  81  6:36  SCV x2  
  81  6:48  Siege Tank, SCV  
  81  6:49  SCV  
  81  6:51  Marine  
  86  6:54  Marauder  
  86  7:00  SCV  
  81  7:01  SCV  
  81  7:02  Medivac x2  
  83  7:12  SCV  
  83  7:14  Marine, Marauder  
  88  7:15  Marauder  
  88  7:16  SCV  
  87  7:25  SCV  
  87  7:28  SCV  
  75  7:33  Terran Infantry Armor Level 1  
  64  7:37  SCV  
  64  7:40  SCV  
  63  7:45  Marine x3  
  63  7:49  SCV  
  62  7:54  SCV  
  62  7:59  Marauder  
  62  8:01  SCV  
  62  8:03  Marine x2, Marauder  
  61  8:14  SCV x2  
  62  8:20  Marine x2  
  62  8:21  Marine  
  62  8:24  Medivac x2  
  62  8:26  SCV x2  
  69  8:32  Concussive Shells  
  69  8:37  Marauder  
  69  8:38  SCV x2, Marine x2  
  69  8:40  Marine  
  75  8:50  SCV  
  75  8:54  SCV  
  75  8:56  Marine, Marauder  
  75  8:58  Marine, Marauder  
  75  9:02  SCV  
  82  9:05  Supply Depot  
  82  9:06  SCV  
  83  9:14  Marine, SCV  
  83  9:15  Marine  
  86  9:17  Supply Depot, Marine  
  86  9:18  SCV  
  85  9:27  Marauder  
  85  9:32  Marine  
  85  9:35  Marauder  
  85  9:41  SCV x2  
  85  9:45  Marine, Supply Depot  
  88  9:48  Marauder  
  88  9:49  Marine  
  88  9:51  Medivac  
  93  9:53  SCV x2  
  93  9:57  Marauder  
  97  10:01  Command Center  
  97  10:02  Marine  
  97  10:05  SCV x2  
  100  10:10  Marauder  
  101  10:17  Marine  
  101  10:18  Marauder  
  101  10:20  Marine  
  97  10:31  Marauder  
  97  10:34  Siege Tank  
  97  10:35  Marine  
  102  10:37  SCV x2  
  102  10:39  Marauder  
  102  10:42  Supply Depot  
  102  10:53  Marauder, Marine x2  
Show
View Real Time Build Order
Export as new Build Order

Cyan Protoss 

Build Orders: Phoenix Opening 

Get SALT Encoding   

  12  0:00  Probe  
  13  0:12  Probe  
  14  0:18  Pylon  
  14  0:24  Probe  
  15  0:36  Probe  
  15  0:39  Gateway  
  16  0:47  Pylon  
  16  0:50  Probe  
  17  1:02  Probe  
  18  1:05  Gateway  
  18  1:10  Assimilator  
  18  1:14  Probe  
  19  1:26  Probe  
  19  1:27  Cybernetics Core  
  20  1:33  Zealot  
  20  1:38  Probe  
  23  1:42  Assimilator  
  23  1:50  Probe  
  24  2:01  Stalker (Chrono Boost)  
  24  2:03  Probe  
  24  2:06  Adept (Chrono Boost)  
  29  2:09  Pylon  
  30  2:23  Stalker (Chrono Boost)  
  30  2:27  Warp Gate, Probe  
  32  2:37  Pylon  
  32  2:51  Probe  
  33  2:56  Stargate  
  33  3:15  Nexus  
  33  3:18  Probe  
  34  3:30  Probe  
  34  3:34  Pylon  
  35  3:39  Phoenix (Chrono Boost)  
  37  3:42  Probe  
  38  3:54  Probe  
  39  3:55  Shield Battery  
  39  3:57  Phoenix  
  41  4:07  Probe  
  38  4:20  Twilight Council, Probe (Chrono Boost)  
  38  4:23  Phoenix  
  41  4:27  Probe (Chrono Boost)  
  43  4:36  Probe (Chrono Boost)  
  43  4:37  Probe (Chrono Boost)  
  44  4:42  Probe (Chrono Boost)  
  44  4:44  Probe (Chrono Boost)  
  46  4:48  Phoenix  
  46  4:50  Resonating Glaives (Chrono Boost)  
  48  4:54  Probe (Chrono Boost)  
  48  4:55  Pylon  
  50  5:01  Probe (Chrono Boost)  
  50  5:03  Probe (Chrono Boost)  
  50  5:06  Gateway, Robotics Facility  
  51  5:07  Probe  
  51  5:10  Gateway  
  51  5:12  Probe  
  53  5:18  Assimilator  
  53  5:19  Probe  
  54  5:21  Gateway  
  54  5:24  Probe  
  55  5:32  Gateway  
  55  5:33  Gateway  
  55  5:37  Gateway  
  55  5:40  Pylon  
  55  5:45  Adept  
  55  5:46  Adept  
  59  5:50  Pylon  
  59  5:56  Warp Prism  
  61  6:07  Adept x3  
  61  6:11  Adept  
  69  6:21  Pylon  
  69  6:23  Adept  
  71  6:29  Adept x3  
  71  6:30  Adept  
  80  6:33  Observer  
  80  6:36  Adept x2  
  84  6:45  Adept x2  
  66  7:10  Adept x8  
  64  7:30  Adept x5  
  64  7:31  Adept x2  
  60  7:49  Adept  
  58  7:52  Adept x6  
  64  7:59  Adept  
  58  8:12  Adept x2  
  58  8:13  Adept x3  
  66  8:25  Adept x2  
  66  8:26  Adept  
  62  8:34  Adept  
  62  8:35  Adept x3  
  62  8:41  Adept  
  68  8:55  Blink (Chrono Boost)  
  56  8:58  Forge  
  56  9:02  Robotics Bay  
  56  9:03  Assimilator  
  56  9:05  Immortal (Chrono Boost)  
  60  9:30  Oracle (Chrono Boost)  
  60  9:36  Probe  
  60  9:37  Immortal (Chrono Boost)  
  62  9:43  Pylon  
  62  9:52  Stalker x3  
  68  9:55  Adept  
  68  9:59  Stalker  
  72  10:06  Stalker  
  72  10:18  Stalker x2  
  72  10:19  Stalker  
  64  10:34  Adept x3  
  60  10:38  Disruptor (Chrono Boost)  
  63  10:47  Cybernetics Core, Zealot  
  63  10:48  Zealot  
Tags
 
Add a new tag
Caveats
  • Supply blocks, unpowered buildings, or Contaminate may cause inaccurate times.
  • Supply counts are checked every 10 seconds.